 Dungeon Crawl Stone Soup version 0.17.0-24-gcfadda4 (webtiles) character file.

178 Jaden271 the Magician (level 5, -1/31 HPs)
             Began as a High Elf Necromancer on Nov 15, 2015.
             Slain by a hobgoblin
             ... wielding a +0 club
             ... led by Robin
              (6 damage)
             ... on level 2 of the Dungeon.
             The game lasted 00:18:43 (2488 turns).

Jaden271 the Magician (High Elf Necromancer)        Turns: 2488, Time: 00:18:43

Health: -1/31      AC:  2    Str:  7    XL:     5   Next: 32%
Magic:  1/12       EV: 13    Int: 20    God:
Gold:   79         SH:  0    Dex: 15    Spells: 5 memorised, 1 level left

rFire  . . .     SeeInvis .     e - -2 scythe (curse)
rCold  . . .     Clarity  .     f - +0 robe
rNeg   . . .     SustAt   .     (shield currently unavailable)
rPois  .         Gourm    .     (no helmet)
rElec  .         Spirit   .     (no cloak)
rCorr  .         Warding  .     (no gloves)
rMut   .         Stasis   .     (no boots)
MR     .....                    (no amulet)
Stlth  ++........               (no ring)
                                j - +3 ring of slaying

@: very slightly contaminated, not resistant to hostile enchantments, unstealthy
A: no striking features
a: no special abilities


You were on level 2 of the Dungeon.
You were not hungry.

You visited 1 branch of the dungeon, and saw 2 of its levels.

You collected 79 gold pieces.

Inventory:

Hand Weapons
 e - a cursed -2 scythe (weapon)
Armour
 a - a +0 robe
 f - a +0 robe (worn)
Jewellery
 j - a +3 ring of slaying (left hand)
Scrolls
 d - a scroll of recharging
Potions
 l - a potion of curing {unknown}
 n - a potion of mutation {unknown}
Books
 b - a book of Necromancy

   Spells                             Type                      Level
   a - Pain                           Necromancy                   1
   b - Animate Skeleton               Necromancy                   1
   c - Vampiric Draining              Necromancy                   3
   d - Regeneration                   Charms/Necromancy            3
   e - Animate Dead                   Necromancy                   4
   f - Control Undead                 Necromancy                   4
Comestibles
 c - a bread ration
 h - a meat ration


   Skills:
 + Level 3.1 Dodging
 + Level 2.5 Stealth
 + Level 4.5 Spellcasting
 + Level 4.1 Necromancy


You had one spell level left.
You knew the following spells:

 Your Spells              Type           Power        Failure   Level  Hunger
a - Pain                  Necr           ###.         2%          1    None
b - Animate Skeleton      Necr           N/A          2%          1    None
c - Vampiric Draining     Necr           ###.......   10%         3    ##.....
d - Regeneration          Chrm/Necr      ##........   17%         3    ##.....
e - Animate Dead          Necr           N/A          24%         4    ####...


Dungeon Overview and Level Annotations

Branches:
Dungeon (2/15)

Altars:

Annotations:
D:2 Robin


Message History

Okay, then.
Casting: Vampiric Draining
Confirm with . or Enter, or press ? or * to list all spells.
There is nothing here that can be animated!
The hobgoblin misses you.
A quokka comes into view.
The hobgoblin hits you but does no damage.
The goblin hits you with a club. Robin throws the goblin at you!
The hobgoblin barely misses you.
Casting: Animate Skeleton
Confirm with . or Enter, or press ? or * to list all spells.
Aiming: Pain
Press: ? - help, Shift-Dir - straight line, f - goblin
Aim: a goblin, wielding a club (consumed by blood-lust, chance to defeat MR: 95%)
The goblin convulses in agony!
You kill the goblin!
Robin hits you with a mace of crushing.
* * * LOW HITPOINT WARNING * * *
x2 The hobgoblin hits you with a club.
You die...

#.# *,*****,*,***,***,,* *,
#.#
***##,,,,,,,*,,,,*,**,,***,
#.#
*,..*,*****,*,***,***,*,,,*
#.####.##*,,,*,,,*** *,*
*,**,** ##.......##**,*,*****
*,* *,**,*
...........,,,*,,,,,* *,*
*,**,**
).....>...####*###*,***,*
*,**,** ##.####.####.#
#)#*,,,,,* *,**,,, #)#
#.#....###@##.###,***,*****
##.####.......gggg......,,,,*
*
#...........)(ggr.g.###.,****
#....#....[########.# *,,*
#....#.....# *.#**,,********
###..#.....# *,.,,,,,,,,,,,*
..)........# **,*#*,,******,*
(##..###.### **,*,**,,* *>*
###..# #.# **,***,*,,******,,


You could see Robin, a quokka, 4 hobgoblins and 2 goblins.

Vanquished Creatures
  Sigmund (D:2)
  A worm (D:2)
  A bat (D:1)
  4 hobgoblins
  3 jackals (D:2)
  4 kobolds
  2 quokkas (D:2)
  2 giant geckos (D:1)
  A giant newt (D:1)
  5 goblins (D:2)
  2 rats
26 creatures vanquished.

Vanquished Creatures (collateral kills)
  A giant newt (D:2)
1 creature vanquished.

Grand Total: 27 creatures vanquished

Notes
Turn   | Place    | Note
--------------------------------------------------------------
     0 | D:1      | Jaden271 the High Elf Necromancer began the quest for the Orb.
     0 | D:1      | Reached XP level 1. HP: 11/11 MP: 4/4
    21 | D:1      | Learned a level 1 spell: Animate Skeleton
  1029 | D:1      | Reached XP level 2. HP: 7/17 MP: 1/6
  1963 | D:2      | Noticed Sigmund
  2015 | D:2      | Killed Sigmund
  2015 | D:2      | Reached skill level 4 in Spellcasting
  2015 | D:2      | Reached XP level 3. HP: 16/21 MP: 4/9
  2015 | D:2      | Reached XP level 4. HP: 20/27 MP: 4/11
  2015 | D:2      | Reached XP level 5. HP: 22/31 MP: 4/12
  2211 | D:2      | Learned a level 3 spell: Vampiric Draining
  2215 | D:2      | Learned a level 3 spell: Regeneration
  2308 | D:2      | Learned a level 4 spell: Animate Dead
  2478 | D:2      | Noticed Robin
  2488 | D:2      | Slain by a hobgoblin

Action                   |  1- 3 |  4- 6 || total
-------------------------+-------+-------++-------
Melee: Unarmed           |     7 |       ||     7
       Scythe            |       |     1 ||     1
 Cast: Pain              |    30 |    10 ||    40
       Animate Skeleton  |     2 |     4 ||     6
       Vampiric Draining |       |     6 ||     6
  Use: Scroll            |     5 |     1 ||     6
       Potion            |     3 |     1 ||     4
  Eat: Chunk             |     3 |     2 ||     5
